 Dungeon Crawl Stone Soup version 0.18-a0-1800-gdc7a371 (webtiles) character file.

58 4thArraOfDagon the Sneak (level 3, -1/16 HPs)
             Began as a Spriggan Earth Elementalist on Apr 24, 2016.
             Killed from afar by Natasha (7 damage)
             ... with a magic dart
             ... on level 3 of the Dungeon.
             The game lasted 00:02:16 (324 turns).

4thArraOfDagon the Sneak (SpEE)                      Turns: 324, Time: 00:02:17

Health: -1/16      AC:  2    Str:  4    XL:     3   Next: 75%
Magic:  6/8        EV: 18    Int: 16    God:
Gold:   72         SH:  0    Dex: 17    Spells: 1 memorised, 6 levels left

rFire  . . .     SeeInvis +     b - 56 stones
rCold  . . .     Gourm    .     a - +0 robe
rNeg   . . .     Faith    .     (shield restricted)
rPois  .         Spirit   .     (helmet restricted)
rElec  .         Dismiss  .     (no cloak)
rCorr  .         Reflect  .     (gloves unavailable)
SustAt .         Harm     .     (boots unavailable)
MR     .....                    (no amulet)
Stlth  +++.......               (no ring)
                                i - ring of flight

@: very quick, not resistant to hostile enchantments, fairly stealthy
A: unfitting armour, see invisible, herbivore 3, speed 3, slow metabolism 2
a: Evoke Flight


You were on level 3 of the Dungeon.
You were not hungry.

You visited 1 branch of the dungeon, and saw 3 of its levels.

You collected 72 gold pieces.

Inventory:

Hand Weapons
 g - a +0 dagger
 k - a +1 dagger of venom
Missiles
 b - 56 stones (in hand)
Armour
 a - a +0 robe (worn)
Jewellery
 i - a ring of flight (left hand)
Scrolls
 e - 3 scrolls of noise {unknown}
 j - a scroll of magic mapping {unknown}
Potions
 f - 2 potions of agility {unknown}
 h - a potion of magic {unknown}
Books
 c - a book of Geomancy

   Spells                             Type                      Level
   a - Sandblast                      Earth                        1
   b - Passwall                       Transmutation/Earth          2
   c - Stone Arrow                    Conjuration/Earth            3
   d - Petrify                        Transmutation/Earth          4
   e - Lee's Rapid Deconstruction     Earth                        5
Comestibles
 d - a bread ration


   Skills:
 * Level 3.0 Short Blades
 - Level 3.0 Dodging
 + Level 4.4 Stealth
 - Level 2.6 Spellcasting
   Level 1.3 Transmutations
 - Level 2.6 Earth Magic


You had 6 spell levels left.
You knew the following spells:

 Your Spells              Type           Power        Failure   Level  Hunger
a - Sandblast             Erth           ##....       10%         1    #......


Dungeon Overview and Level Annotations

Branches:
Dungeon (3/15)

Altars:

Annotations:
D:3 Natasha


Innate Abilities, Weirdness & Mutations

You are tiny and cannot use many weapons and most armour.
You have supernaturally acute eyesight.
You are a herbivore.
You cover ground extremely quickly.
You need consume almost no food.


Message History

You see here a dagger of venom.
k - a dagger of venom The orc barely misses you.
Unknown command.
Natasha closely misses you.
Unknown command.
Unknown command.
Natasha stares at you and mumbles some strange words.
The magic dart hits you!
Unknown command.
Unknown command.
Unknown command.
Unknown command.
Unknown command.
Unknown command.
Unknown command.
Unknown command.
Natasha stares at you and mumbles some strange words.
The magic dart hits you!
You die...

#...........#
#.###.o..##.# #.
#.h..# # . ##†#.# ##
#.#.# ##.#.# #....#
####..### #. #.....@#
#.# #.##.#.# #.#
#.##.#.# #.# .##...#
# #.######.###..##.#
####.##.............#
..##.##.#.#####..####
#.#..............#
.....##<#.#####..#


You could see Natasha and an orc.

Vanquished Creatures
  Natasha (D:3)
  2 adders
  2 worms (D:3)
  2 goblins (D:3)
  2 hobgoblins (D:2)
  A jackal (D:2)
  A kobold (D:1)
  A quokka (D:3)
12 creatures vanquished.

Notes
Turn   | Place    | Note
--------------------------------------------------------------
     0 | D:1      | 4thArraOfDagon the Spriggan Earth Elementalist began the quest for the Orb.
     0 | D:1      | Reached XP level 1. HP: 9/9 MP: 5/5
   127 | D:2      | Reached skill level 1 in Short Blades
   127 | D:2      | Reached XP level 2. HP: 13/13 MP: 6/6
   286 | D:3      | Noticed Natasha
   290 | D:3      | Reached XP level 3. HP: 11/16 MP: 4/8
   294 | D:3      | Killed Natasha
   294 | D:3      | Reached skill level 4 in Stealth
   301 | D:3      | Noticed Natasha
   324 | D:3      | Killed from afar by Natasha

Vault maps used:
D:1:      nicolae_arrival_somewhat_less_tricky_arrival
D:2:      nicolae_ashenzari_panopticon, bloody_makhleb, grunt_pakellas_sulfur
D:3:      uniq_iyjb, uniq_natasha, uniq_sigmund

Skill      XL: |  1  2  3 |
---------------+----------+-----
Short Blades   | 1 2 3 |  3.0
Stealth        | 4 |  4.4
Dodging        | |  3.0
Spellcasting   | |  2.6
Transmutations | |  1.3
Earth Magic    | |  2.6

Action                   || total
-------------------------++-------
Melee: Dagger            ||    14
 Cast: Sandblast         ||    14
 Stab: Sleeping          ||     6
Dodge: Dodged            ||    13
